 Dungeon Crawl Stone Soup version 0.27-a0-277-g024f7ef292 (webtiles) character file.

Game seed: 13315019663644404133

46 skwiii the Stinger (level 3, -2/26 HPs)
             Began as a Draconian Venom Mage on Feb 6, 2021.
             Slain by a worm (6 damage)
             ... on level 4 of the Dungeon.
             The game lasted 00:06:32 (2006 turns).

skwiii the Stinger (Draconian Venom Mage)           Turns: 2006, Time: 00:06:33

Health: -2/26      AC:  5    Str: 10    XL:     3   Next: 44%
Magic:  2/7        EV: 12    Int: 16    God:
Gold:   33         SH:  0    Dex: 11    Spells: 6/7 levels left

rFire    . . .     SeeInvis .   g - +0 spear
rCold    . . .     Faith    .   (no shield)
rNeg     . . .     Spirit   .   (armour unavailable)
rPois    .         Reflect  .   (helmet restricted)
rElec    .         Harm     .   (no cloak)
rCorr    .         Rampage  .   (no gloves)
Will     .....                  (no boots)
Stlth    ++........             (no amulet)
HPRegen  0.08/turn              (no ring)
MPRegen  0.10/turn              (no ring)

@: no status effects
A: unfitting armour, cold-blooded, AC +5
a: no special abilities


You were on level 4 of the Dungeon.
You visited 1 branch of the dungeon, and saw 4 of its levels.

You collected 33 gold pieces.

Inventory:

Hand Weapons
 g - a +0 spear (weapon)
Jewellery
 j - an uncursed amulet of the acrobat
Scrolls
 a - 3 scrolls of identify
 c - a scroll of amnesia {unknown}
 e - a scroll of enchant armour {unknown}
 f - 2 scrolls of enchant weapon {unknown}
 k - a scroll of fog {unknown}
Potions
 b - a potion of might {unknown}
 d - a potion of curing {unknown}
 h - a potion of resistance {unknown}
 i - a potion of haste {unknown}


   Skills:
 - Level 1.8 Dodging
 - Level 1.8 Stealth
 + Level 2.9 Spellcasting
 - Level 1.2 Transmutations
 + Level 3.7 Poison Magic


You had 6 spell levels left.
You knew the following spells:

 Your Spells              Type           Power        Failure   Level
a - Sting                 Tmut/Pois      40%          7%          1

Your spell library contained the following spells:

 Spells                   Type           Power        Failure   Level
 Poisonous Vapours        Pois/Air       16%          13%         2
 Ignite Poison            Fire/Tmut/Pois 7%           28%         3
 Mephitic Cloud           Conj/Pois/Air  6%           34%         3
 Olgreb's Toxic Radiance  Pois           14%          38%         4


Dungeon Overview and Level Annotations

Branches:
Dungeon (4/15)
 Temple: D:4-7

Altars:

Annotations:
D:2 Robin


Innate Abilities, Weirdness & Mutations

Your plain brown scales are hard. (AC +5)
You cannot fit into any form of body armour.
You are cold-blooded and may be slowed by cold attacks.


Message History

You can't go up here!
You can't go up here!
The goblin no longer looks unusually strong.
The worm misses you.
You climb downwards.
A frilled lizard and a hobgoblin come into view.
Found three items.
Found a stone staircase leading down.
There is a stone staircase leading up here.
The hobgoblin shouts!
The hobgoblin closely misses you.
There is a stone staircase leading down here.
The hobgoblin hits you but does no damage.
You climb downwards.
You hear the sound of rushing water.
There is an entrance to a sewer on this level.
Hurry and find it before the portal rusts away!
An adder and a worm come into view.
Found 17 gold pieces.
Found a stone staircase leading down.
There is a stone staircase leading up here.
The worm bites you.
You die...

#########
#.......######
.........w...#
.........>.S$#
......wg.....#
.......@...#
...........#
...........#
...........#
..........##
..........#
..........#
.........##


You could see 2 worms, an adder (asleep) and a hobgoblin.

Vanquished Creatures
  An adder (D:2)
  A worm (D:2)
  A dart slug (D:1)
  A leopard gecko (D:1)
  2 giant cockroaches
  7 goblins
  4 hobgoblins
  3 jackals
  2 bats (D:1)
  3 frilled lizards
  A kobold (D:1)
  2 rats (D:1)
28 creatures vanquished.

Notes
Turn   | Place    | Note
-------+----------+-------------------------------------------
     0 | D:1      | skwiii the Draconian Venom Mage began the quest for the
                  | Orb.
     0 | D:1      | Reached XP level 1. HP: 14/14 MP: 3/3
   721 | D:1      | Reached XP level 2. HP: 18/20 MP: 5/5
  1431 | D:2      | Reached XP level 3. HP: 19/26 MP: 0/7
  1941 | D:2      | Noticed Robin
  2006 | D:4      | Slain by a worm

Illustrated notes

Levels and vault maps discovered:
D:1:      dpeg_arrival_signposts, layout_basic
D:2:      layout_loops_ring, vehumet_crystals, uniq_robin
D:3:      minmay_roachtagon, layout_rooms, uniq_sigmund, uniq_jessica
D:4:      layout_cave_pods, minmay_temple_entry_oklob, serial_park,
          serial_park_central [serial_park_minivault_5x5_2,
          serial_park_minivault_5x5_5], serial_park_avenue1, serial_park_square3
          [serial_park_minivault_5x5_8], serial_park_tiny_pond,
          portal_sewer_entry_f

Action                   || total
-------------------------++-------
Melee: Spear             ||    41
       Unarmed           ||     7
       Tailslap          ||     4
 Cast: Sting             ||    38
  Use: Scroll            ||     1
Armor: Skin              ||    27
Dodge: Dodged            ||    87

Table legend: (Time is in decaauts)
 A = Elapsed time spent in this place.
 B = Non-inter-level travel time spent in this place.
 C = Inter-level travel time spent in this place.
 D = Time resting spent in this place.
 E = Time spent auto-exploring this place.
 F = Levels seen in this place.
 G = Mean time per level.
                   A        B        C        D        E       F      G
               +--------+--------+--------+--------+--------+-----+--------+
         Total |   2010 |   1947 |     63 |    591 |    776 |   4 |  502.5 |
       Dungeon |   2010 |   1947 |     63 |    591 |    776 |   4 |  502.5 |
               +--------+--------+--------+--------+--------+-----+--------+

Top non-repeatable levels by time:
     D:1: 1753 daAuts
     D:2: 249 daAuts
     D:3: 6 daAuts
     D:4: 0 daAuts
